 Dungeon Crawl Stone Soup version 0.30-a0-476-g330ca2eb8e (webtiles) character file.

Game seed: 14062856501218111161

61941 experimilk the Stormcaller (level 14, -1/111 HPs)
             Began as a Black Draconian Conjurer on Dec 22, 2022.
             Was a High Priest of Vehumet.
             Killed by divine providence
             ... invoked by an orc priest
              (12 damage)
             ... on level 2 of the Orcish Mines.
             The game lasted 01:27:39 (32956 turns).

experimilk the Stormcaller (DrCj)                  Turns: 32956, Time: 01:27:39

Health: -1/111     AC: 16    Str: 18    XL:     14   Next: 62%
Magic:  2/31       EV: 13    Int: 32    God:    Vehumet [*****.]
Gold:   2189       SH:  5    Dex: 14    Spells: 4/40 levels left

rFire   . . .      SeeInvis .    r - +2 double sword (venom)
rCold   + + .      Faith    .    (no shield)
rNeg    . . .      Spirit   .    (body armour unavailable)
rPois   .          Reflect  +    (helmet restricted)
rElec   +          Harm     .    p - +2 cloak of Muirerasm {Int+3}
rCorr   .          Rampage  .    G - +0 pair of gloves
Will    +....                    N - +3 pair of mountain boots {steadfast, rC+}
Stlth   ++........               w - amulet of Daetin {Reflect Str+7 SH+5}
HPRegen 0.38/turn                b - +6 ring of intelligence
MPRegen 0.22/turn                M - ring of the Morning {rC+ Dex+5}

@: about to teleport, short of breath, flying
A: breathe lightning, AC +8, unfitting armour, big wings, electricity
resistance, cold-blooded
a: Breathe Lightning, Renounce Religion


You were on level 2 of the Orcish Mines.
You worshipped Vehumet.
Vehumet was extremely pleased with you.
You visited 4 branches of the dungeon, and saw 18 of its levels.
You also visited: Ossuary, Gauntlet and Ice Cave.

You collected 2189 gold pieces.

Inventory:

Hand Weapons
 r - a +2 double sword of venom (weapon)
 t - a +3 scimitar
Armour
 j - a +2 kite shield of cold resistance
 p - the +2 cloak of Muirerasm (worn) {Int+3}
   (You found it in a Gauntlet)

   Int:       It affects your intelligence (+3).
 G - a +0 pair of gloves (worn)
 J - a +2 cloak of cold resistance
 N - the +3 pair of mountain boots (worn) {steadfast, rC+}
   (You found it in a Gauntlet)

   It prevents involuntary movement, except for blinking, teleportation, or
   banishment.
   rC:        It protects you from cold.
Jewellery
 b - a +6 ring of intelligence (left hand)
 d - a ring of protection from fire
 k - an amulet of faith
 w - the amulet of Daetin (around neck) {Reflect Str+7 SH+5}
   (You found it in a Gauntlet)

   [amulet of reflection]

   It reflects blocked missile attacks.
   Str:       It affects your strength (+7).
   SH:        It affects your SH (+5).
 H - a ring of ice
 M - the ring of the Morning (right hand) {rC+ Dex+5}
   (You found it in a Gauntlet)

   [ring of protection from cold]

   Dex:       It affects your dexterity (+5).
   rC:        It protects you from cold.
Wands
 i - a wand of flame (1)
 q - a wand of polymorph (1)
 u - a wand of iceblast (10)
 v - a wand of quicksilver (9)
 C - a wand of charming (22)
Scrolls
 f - a scroll of blinking
 g - a scroll of fear
 h - 2 scrolls of vulnerability
 l - a scroll of summoning
 m - a scroll of identify
 x - a scroll of magic mapping
 A - 2 scrolls of fog
 B - 2 scrolls of teleportation
 F - 2 scrolls of torment
 K - 3 scrolls of immolation
 L - a scroll of enchant weapon
Potions
 a - 2 potions of flight
 c - 2 potions of magic
 e - 3 potions of haste
 n - 3 potions of mutation
 o - a potion of resistance
 s - 4 potions of attraction
 z - 5 potions of might
 D - a potion of cancellation
 E - a potion of brilliance
 I - 7 potions of ambrosia
Miscellaneous
 y - a tin of tremorstones (2/2)


   Skills:
 - Level 6.5 Fighting
 - Level 3.0 Long Blades
 - Level 1.0 Staves
 - Level 3.0 Dodging
 - Level 1.7 Stealth
 * Level 13.9 Spellcasting
 - Level 13.4 Conjurations
 - Level 9.0 Translocations
 - Level 15.0 Air Magic
 - Level 3.0 Evocations


You had 4 spell levels left.
You knew the following spells:

 Your Spells              Type           Power      Damage    Failure   Level
a - Summon Lightning Spi  Summ/Air       63%        N/A       1%          4
b - Conjure Ball Lightni  Conj/Air       42%        3x3d15    1%          6
c - Mephitic Cloud        Conj/Pois/Air  70%        N/A       1%          3
d - Searing Ray           Conj           100%       2d8       0%          2
e - Magic Dart            Conj           100%       1d8       0%          1
q - Olgreb's Toxic Radia  Pois           22%        N/A       5%          4
s - Kindle Blastsparks    Fire/Tloc/Air  100%       2d18      1%          3
v - Airstrike             Air            43%        2d(7-23)  1%          4
x - Iskenderun's Mystic   Conj/Tloc      76%        2d15      1%          4
z - Lightning Bolt        Conj/Air       42%        1d62      1%          5

Your spell library contained the following spells:

 Spells                   Type           Power      Damage    Failure   Level
 Freezing Cloud           Conj/Ice/Air   35%        6-21      1%          5
 Slow                     Hex            88%        N/A       1%          1
 Dazzling Flash           Conj/Hex       100%       N/A       1%          3
 Gell's Gravitas          Tloc           68%        N/A       1%          3
 Hailstorm                Conj/Ice       60%        3d13      1%          3
 Inner Flame              Hex/Fire       22%        N/A       1%          3
 Lesser Beckoning         Tloc           100%       N/A       1%          3
 Stone Arrow              Conj/Erth      100%       3d13      1%          3
 Teleport Other           Tloc           68%        N/A       1%          3
 Flame Wave               Conj/Fire      60%        2d14      1%          4
 Fulminant Prism          Conj/Hex       30%        3d15      1%          4
 Manifold Assault         Tloc           68%        N/A       1%          4
 Passage of Golubria      Tloc           68%        N/A       1%          4
 Call Imp                 Summ           22%        N/A       3%          2
 Sublimation of Blood     Necr           22%        N/A       3%          2
 Confusing Touch          Hex            22%        N/A       6%          3
 Tukima's Dance           Hex            22%        N/A       6%          3
 Vampiric Draining        Necr           22%        2d7       6%          3
 Cause Fear               Hex            11%        N/A       21%         4
 Ice Form                 Ice/Tmut       22%        N/A       21%         4
 Petrify                  Tmut/Erth      22%        N/A       21%         4
 Fireball                 Conj/Fire      30%        3d13      1%          5
 Irradiate                Conj/Tmut      30%        3d21      1%          5
 Iskenderun's Battlesphe  Conj           83%        2d13      1%          5
 Orb of Destruction       Conj           41%        9d11      1%          7
 Silence                  Hex/Air        31%        N/A       2%          5
 Yara's Violent Unravell  Hex/Tmut       11%        3d6       16%         5
 Agony                    Necr           22%        N/A       50%         5
 Lehudib's Crystal Spear  Conj/Erth      30%        10d8      88%         8
 Simulacrum               Ice/Necr       11%        N/A       97%         6
 Discord                  Hex            11%        N/A       100%        8
 Animate Armour           Summ/Erth      Unusable   N/A       N/A         4

Dungeon Overview and Level Annotations

Branches:
Dungeon (10/15)            Temple (1/1) D:5            Lair (5/5) D:9
 Shoals (0/4) Lair:2        Snake (0/4) Lair:3        Slime (0/5) Lair:5
    Orc (2/2) D:10            Elf (0/3) Orc:2       Ossuary (visited)
  IceCv (visited)         Gauntlet (visited)

Altars:
Ashenzari
Cheibriados
Dithmenos
Elyvilon
Fedhas
Gozag
Kikubaaqudgha
Makhleb
Nemelex Xobeh
Qazlal
Ru
Sif Muna
Trog
Vehumet
Wu Jian
Xom
Zin
Jiyva

Shops:
D:1 (   Orc:1 **   Orc:2 *

Annotations:
D:9 3 runed translucent doors, purpskrrrp's ghost, novice DsCj


Innate Abilities, Weirdness & Mutations

You can breathe wild blasts of lightning.
Your glossy black scales are hard. (AC +8)
You cannot fit into any form of body armour.
Your large and strong wings let you fly.
You are resistant to electric shocks. (rElec)
You are cold-blooded and may be slowed by cold attacks.


Message History

You begin to radiate toxic energy.
The ogre mage is poisoned.
The ogre is poisoned.
The two-headed ogre is poisoned.
The ogre is poisoned. x4
The two-headed ogre is poisoned.
The ogre mage looks even sicker.
The ogre looks even sicker. x2; The two-headed ogre looks even sicker.
An ogre comes into view. It is wielding a +0 giant club.
Your lightning spire shoots out a bolt of lightning at the ogre!
The bolt of electricity hits the two-headed ogre.
The bolt of electricity hits the ogre!
The ogre dies!
Vehumet accepts your kill.
You hear a shout!
Unknown command.
As you read the scroll of teleportation, it crumbles to dust.
You feel strangely unstable.
The ogre is poisoned.
The ogre mage looks even sicker.
The ogre looks as sick as possible!
The two-headed ogre looks even sicker.
The ogre looks even sicker. x2
Your toxic aura wanes.
You kill the ogre!
Vehumet accepts your kill.
You feel your power returning.
An orc priest comes into view. It is wielding a +0 club.
Your lightning spire shoots out a bolt of lightning at the two-headed ogre!
The bolt of electricity hits the two-headed ogre!!
The bolt of electricity hits the two-headed ogre!
You slash the ogre mage!
The ogre mage looks as sick as possible!
The ogre mage is almost dead.
You hear some strange, mumbled words.
The two-headed ogre seems to speed up.
The ogre barely misses you.
The two-headed ogre barely misses your lightning spire.
The two-headed ogre hits your lightning spire with a +0 giant spiked club!!
Your lightning spire is destroyed!
Your lightning spire disappears in a puff of smoke!
The ogre mage gestures at you while chanting.
The bolt of magma hits you!!!
* * * LOW HITPOINT WARNING * * *
An ogre comes into view. It is wielding a +0 giant club.
The orc priest calls down the wrath of Beogh upon you.
Beogh smites you!
You die...

## .......#####..#.#
..........#.......#
..................#.####
........#..........##...##
.........#..........#∩...∩#
...............#....#.....#
...........#........#∩.⌠.∩#
...........O@.......#.....###
.......).{)OO.......#∩...∩#.#
.........)O.........##...##..
......oOO)..................#
......)O.....................
..###.O###...#...............
#.O) ##..##....#.#.......
#.).. #..####.#.........#
#..O. #..# ###..........


You could see 2 two-headed ogres, an ogre mage (extremely poisoned), 6 ogres and
an orc priest.

Vanquished Creatures
  Gastronok (D:8)
  An orc warlord (Orc:1)
  A minotaur (Gauntlet)
  The ghost of Darkkill the Fighter, a journeyman MiHu of Gozag (Lair:3)
  Fannar (Lair:1)
  3 hydras
  2 ogre magi (Orc:2)
  A catoblepas (Lair:2)
  A ghost crab (Gauntlet)
  A boulder beetle (Orc:1)
  5 two-headed ogres
  Nergalle (D:10)
  Pikel (D:5)
  A manticore (Lair:2)
  A cyclops (Orc:1)
  An orc sorcerer (Orc:1)
  4 black mambas (Lair:5)
  Maurice (D:10)
  7 elephants
  A gargoyle (D:10)
  2 molten gargoyles (Lair:5)
  A smoke demon (Gauntlet)
  9 cane toads
  A hellion (Gauntlet)
  An anaconda simulacrum (IceCv)
  A freezing wraith (IceCv)
  8 komodo dragons
  Maggie (D:8)
  6 rime drakes
  A queen bee (Orc:1)
  An ice devil (IceCv)
  A hornet (D:10)
  3 trolls
  3 polar bears
  A wind drake (Lair:2)
  24 blink frogs
  Prince Ribbit (D:5)
  Sigmund (D:2)
  A dire elephant simulacrum (IceCv)
  2 wyverns (Lair:5)
  31 yaks
  5 basilisks
  2 steam dragons
  A death yak simulacrum (IceCv)
  4 vampire mosquitoes (D:10)
  2 wargs (Orc:1)
  Menkaure (D:4)
  A harpy simulacrum (IceCv)
  An acid dragon (D:10)
  3 nagas (Lair:3)
  9 water moccasins
  4 hell hounds
  2 sky beasts
  7 ice beasts
  A black bear (D:7)
  16 orc warriors
  A swamp drake (D:10)
  15 ogres
  12 wolves
  4 centaurs
  2 kobold brigands
  An elf zombie (Ossuary)
  12 bullfrogs
  A necrophage (D:7)
  2 gnoll sergeants
  A scorpion (D:2)
  10 two-headed ogre simulacra (IceCv)
  A yak zombie (D:9)
  14 wights
  14 killer bees
  2 elephant simulacra (IceCv)
  2 electric eels
  5 lava snakes (Lair:5)
  2 centaur zombies (Ossuary)
  6 hounds
  A jelly (D:6)
  10 orc priests
  Crazy Yiuf (D:5)
  9 orc wizards
  6 spriggan simulacra (IceCv)
  3 polar bear simulacra (IceCv)
  3 wolf simulacra (IceCv)
  3 troll simulacra (IceCv)
  2 mummies (Ossuary)
  7 gnolls
  4 naga simulacra (IceCv)
  5 adders
  A river rat (D:4)
  2 shadow imps
  9 white imps (IceCv)
  3 ufetubi (IceCv)
  2 adder zombies (Ossuary)
  A worm (D:4)
  A dart slug (D:1)
  62 orcs
  7 ball pythons
  4 endoplasms
  5 giant cockroaches
  3 goblins
  7 hobgoblins
  9 jackals
  4 quokkas
  3 bats
  A frilled lizard (D:2)
  2 goblin zombies (Ossuary)
  14 hobgoblin zombies (Ossuary)
  A jackal zombie (Ossuary)
  13 kobolds
  6 kobold zombies (Ossuary)
  8 orc zombies (Ossuary)
  8 rats
  3 rat zombies
535 creatures vanquished.

Vanquished Creatures (collateral kills)
  A reaper (IceCv)
  A fire dragon (Lair:5)
  2 two-headed ogres (Orc:2)
  An orc knight (Orc:2)
  A lindwurm (Lair:5)
  An elephant (Lair:3)
  A black mamba (Lair:2)
  A molten gargoyle (Lair:5)
  A cane toad (Lair:4)
  4 komodo dragons
  A rime drake (Lair:4)
  4 blink frogs
  10 yaks
  2 basilisks
  2 wyverns
  2 nagas (Lair:3)
  A water moccasin (Lair:4)
  2 hell hounds (Lair:5)
  4 orc warriors
  2 ogres (Orc:2)
  10 killer bees (Orc:1)
  4 orc wizards
  A naga simulacrum (IceCv)
  7 orcs
  7 ball lightnings
73 creatures vanquished.

Vanquished Creatures (others)
  An electric eel (Lair:1)
  157 ball lightnings
  A bush (Lair:5)
  36 fungi
  71 plants
  5 withered plants (Gauntlet)
271 creatures vanquished.

Grand Total: 879 creatures vanquished

Notes
Turn   | Place    | Note
-------+----------+-------------------------------------------
     0 | D:1      | experimilk the Draconian Conjurer began the quest for the
                  | Orb.
     0 | D:1      | Reached XP level 1. HP: 14/14 MP: 3/3
     1 | D:1      | Noticed an electric eel
   293 | D:1      | Found Otoqik's Weapon Shop.
   472 | D:1      | Reached XP level 2. HP: 20/20 MP: 0/5
   482 | D:1      | Learned a level 2 spell: Searing Ray
   707 | D:1      | You fall into a shaft and drop 1 floor!
  1142 | D:2      | Noticed Sigmund
  1345 | D:2      | Killed Sigmund
  1346 | D:2      | Reached XP level 3. HP: 27/27 MP: 0/7
  1346 | D:2      | Reached XP level 4. HP: 34/34 MP: 0/8
  1346 | D:2      | Reached XP level 5. HP: 39/39 MP: 0/9
  1823 | D:2      | Reached skill level 1 in Fighting
  2047 | D:3      | Reached XP level 6. HP: 45/47 MP: 2/10
  2682 | D:3      | Learned a level 4 spell: Iskenderun's Mystic Blast
  3593 | D:4      | Found a sand-covered staircase.
  3600 | Ossuary  | Entered an ossuary
  4238 | Ossuary  | Your scales start taking on a glossy black colour.
  4238 | Ossuary  | Reached XP level 7. HP: 49/56 MP: 1/12
  4238 | Ossuary  | Gained mutation: You are resistant to electric shocks.
                  | (rElec) [Black Draconian growth]
  5099 | D:4      | Noticed Menkaure
  5164 | D:4      | Killed Menkaure
  5192 | D:5      | Entered Level 5 of the Dungeon
  5493 | D:5      | Noticed Prince Ribbit
  5518 | D:5      | Killed Prince Ribbit
  5519 | D:5      | Reached XP level 8. HP: 59/63 MP: 6/15
  5646 | D:5      | Reached skill level 5 in Spellcasting
  5744 | D:5      | Noticed Pikel
  5756 | D:5      | Killed Pikel
  5757 | D:5      | Reached skill level 1 in Translocations
  5993 | D:5      | Got the Spellbook of the Map and Incandescence
  6220 | D:5      | Found a staircase to the Ecumenical Temple.
  6224 | Temple   | Entered the Ecumenical Temple
  6432 | Temple   | Became a worshipper of Vehumet
  6588 | D:5      | Found a runed translucent door.
  6589 | D:5      | Noticed Crazy Yiuf
  6742 | D:5      | Killed Crazy Yiuf
  6803 | D:6      | Reached XP level 9. HP: 56/69 MP: 18/18
  6877 | D:6      | Reached skill level 10 in Conjurations
  7554 | D:6      | Reached * piety under Vehumet
  7554 | D:6      | Offered knowledge of Freeze by Vehumet.
  8204 | D:6      | Learned a level 3 spell: Mephitic Cloud
  8344 | D:7      | Reached skill level 1 in Air Magic
  8460 | D:7      | Reached skill level 2 in Air Magic
  8823 | D:7      | Reached XP level 10. HP: 62/77 MP: 4/21
  9409 | D:8      | Reached skill level 3 in Air Magic
  9411 | D:8      | Reached ** piety under Vehumet
  9417 | D:8      | Noticed Gastronok
  9602 | D:8      | Offered knowledge of Kiss of Death by Vehumet.
  9691 | D:8      | Noticed Maggie
  9705 | D:8      | Killed Maggie
  9833 | D:8      | Found a shimmering blue altar of Sif Muna.
  9834 | D:8      | Found a snail-covered altar of Cheibriados.
  9907 | D:8      | Killed Gastronok
  9979 | D:8      | Learned a level 4 spell: Manifold Assault
 10292 | D:9      | Reached skill level 5 in Fighting
 11230 | D:9      | Reached skill level 5 in Translocations
 11230 | D:9      | Reached XP level 11. HP: 83/89 MP: 3/24
 11466 | D:9      | Found a staircase to the Lair.
 11584 | D:9      | Found a runed translucent gate.
 11588 | D:9      | Found a runed translucent gate.
 11921 | D:9      | Offered knowledge of Kindle Blastsparks by Vehumet.
 12018 | D:9      | Reached skill level 1 in Staves
 12113 | D:9      | Learned a level 3 spell: Kindle Blastsparks
 12359 | D:9      | Found a runed translucent gate.
 12360 | D:9      | Found an opulent altar of Gozag.
 12421 | D:9      | Noticed purpskrrrp's ghost (novice DsCj)
 12421 | D:9      | Noticed a wizard
 12422 | D:9      | Noticed a white ugly thing
 12422 | D:9      | Noticed a two-headed ogre
 12428 | D:10     | Entered Level 10 of the Dungeon
 12462 | D:10     | Noticed Nergalle
 12475 | D:10     | Paralysed by a hornet for 1 turns
 12952 | D:10     | Noticed a two-headed ogre
 12961 | D:10     | Killed a two-headed ogre
 13441 | D:10     | Noticed Maurice
 13483 | D:10     | Killed Nergalle
 13575 | D:10     | Killed Maurice
 13576 | D:10     | Reached skill level 4 in Air Magic
 15223 | D:10     | Reached *** piety under Vehumet
 15312 | D:10     | Found a staircase to the Orcish Mines.
 15881 | Lair:1   | Entered Level 1 of the Lair of Beasts
 15883 | Lair:1   | Reached skill level 5 in Air Magic
 16159 | Lair:1   | Noticed Fannar
 16173 | Lair:1   | Killed Fannar
 16225 | Lair:1   | Found a frozen archway.
 16234 | IceCv    | Entered an ice cave
 16242 | IceCv    | Reached skill level 6 in Air Magic
 16284 | IceCv    | Offered knowledge of Ignite Poison by Vehumet.
 17235 | IceCv    | Reached skill level 10 in Spellcasting
 17235 | IceCv    | Reached XP level 12. HP: 86/97 MP: 18/26
 17343 | IceCv    | Reached **** piety under Vehumet
 17607 | IceCv    | Offered knowledge of Lee's Rapid Deconstruction by Vehumet.
 17741 | IceCv    | HP: 2/97 [dire elephant simulacrum (25)]
 18239 | IceCv    | Learned a level 5 spell: Lightning Bolt
 18244 | IceCv    | Learned a level 4 spell: Summon Lightning Spire
 18249 | IceCv    | Learned a level 4 spell: Airstrike
 18276 | IceCv    | Noticed a reaper
 18285 | IceCv    | Killed a reaper
 18432 | IceCv    | Identified the +6 great sword "Cades" {flame, Fly rF-
                  | Str+5}
 18774 | Lair:1   | Reached skill level 7 in Air Magic
 19757 | Lair:2   | Noticed a catoblepas
 19766 | Lair:2   | Reached skill level 8 in Air Magic
 19771 | Lair:2   | Killed a catoblepas
 20448 | Lair:2   | Learned a level 6 spell: Conjure Ball Lightning
 20607 | Lair:2   | Reached skill level 9 in Air Magic
 20791 | Lair:2   | Found a staircase to the Shoals.
 21500 | Lair:3   | Noticed a five-headed hydra
 21504 | Lair:3   | Reached skill level 10 in Air Magic
 21507 | Lair:3   | Killed a five-headed hydra
 22281 | Lair:3   | Reached skill level 11 in Air Magic
 22700 | Lair:3   | Reached XP level 13. HP: 92/103 MP: 16/28
 22914 | Lair:3   | Found a staircase to the Snake Pit.
 23318 | Lair:3   | Found a runed translucent door.
 23322 | Lair:3   | Noticed Darkkill's ghost (journeyman MiHu)
 23408 | Lair:3   | Killed Darkkill's ghost
 23579 | Lair:4   | Found an ornate altar of the Wu Jian Council.
 23592 | Lair:4   | Reached skill level 12 in Air Magic
 23960 | Lair:4   | Reached ***** piety under Vehumet
 23960 | Lair:4   | Offered knowledge of Olgreb's Toxic Radiance by Vehumet.
 24155 | Lair:4   | Identified the +1 scale mail "Jeotoa" {Fly Will- rCorr
                  | Slay+2}
 24648 | Lair:4   | Learned a level 4 spell: Olgreb's Toxic Radiance
 25347 | Lair:5   | Entered Level 5 of the Lair of Beasts
 25347 | Lair:5   | Found a gate leading to a gauntlet.
 25352 | Gauntlet | Entered a Gauntlet
 25352 | Gauntlet | Found a transporter.
 25371 | Gauntlet | Found a transporter.
 25387 | Gauntlet | Found a transporter.
 25391 | Gauntlet | Found a transporter.
 25411 | Gauntlet | Found a transporter.
 25424 | Gauntlet | Found a transporter.
 25429 | Gauntlet | Found a transporter.
 25433 | Gauntlet | Found a transporter.
 25456 | Gauntlet | Found a transporter.
 25464 | Gauntlet | Found a transporter.
 25464 | Gauntlet | Found a transporter.
 25472 | Gauntlet | Found a transporter.
 25502 | Gauntlet | Found the +3 pair of mountain boots {steadfast, rC+}
 25685 | Gauntlet | Identified the +2 cloak of Muirerasm {Int+3}
 25689 | Gauntlet | Identified the ring of the Morning {rC+ Dex+5}
 25999 | Gauntlet | Identified the +10 long sword "Woxuapsi" {antimagic, rPois
                  | rC+ rN+ Str+3}
 25999 | Gauntlet | Noticed a minotaur
 26009 | Gauntlet | Killed a minotaur
 26010 | Gauntlet | Reached skill level 13 in Air Magic
 26242 | Gauntlet | Identified the +5 scale mail of Light {rC- rN+ Str+2}
 26242 | Gauntlet | Identified the amulet of Daetin {Reflect Str+7 SH+5}
 26294 | Lair:5   | Found a staircase to the Slime Pits.
 26294 | Lair:5   | Found a viscous altar of Jiyva.
 27097 | Lair:5   | Offered knowledge of Freezing Cloud by Vehumet.
 27558 | Lair:5   | Reached skill level 14 in Air Magic
 27793 | Lair:5   | Gained mutation: Your large and strong wings let you fly.
                  | [Black Draconian growth]
 27793 | Lair:5   | Reached XP level 14. HP: 111/111 MP: 22/30
 27798 | Lair:5   | Reached skill level 1 in Evocations
 28693 | Lair:5   | Reached skill level 1 in Long Blades
 29627 | Lair:5   | Found a large runed translucent door.
 29627 | Lair:5   | Found a large runed translucent door.
 30782 | Orc:1    | Entered Level 1 of the Orcish Mines
 30782 | Orc:1    | Noticed an orc warlord
 30791 | Orc:1    | Killed an orc warlord
 31198 | Orc:1    | Found a burning altar of Makhleb.
 31198 | Orc:1    | Found Ximpoh's Specific Store.
 31198 | Orc:1    | Found Qaramec's General Store.
 31991 | Orc:2    | Entered Level 2 of the Orcish Mines
 32746 | Orc:2    | Found a staircase to the Elven Halls.
 32894 | Orc:2    | Found Lixargh's CLEARANCE SALE!.
 32947 | Orc:2    | Reached skill level 15 in Air Magic
 32956 | Orc:2    | Killed from afar by an orc priest

Illustrated notes

Levels and vault maps discovered:
D:1:      arrival_aquarium_a, layout_loops_cross, serial_shops,
          nicolae_shop_bloodbath_and_beyond
D:2:      layout_basic, uniq_sigmund
D:3:      layout_rooms, corexii_shack
D:4:      layout_loops_cross, enter_ossuary_4, portal_sewer_entry_a,
          uniq_menkaure
D:5:      layout_rooms, minmay_temple_entry_steel_oval, mrwooster_statue_mirror,
          uniq_pikel, uniq_prince_ribbit1, uniq_crazy_yiuf_cottage
D:6:      layout_rooms, kennysheep_generic_room_10
D:7:      layout_cave_pools, kennysheep_minor_cross
D:8:      layout_rooms, nicolae_overflow_squiral, uniq_maggie, uniq_gastronok
D:9:      layout_irregular_city, hellmonk_lair_entry_icy, ebering_ghost_gozag
D:10:     layout_basic, erik_orc_1, uniq_maurice, uniq_nergalle
Temple:   mainiacjoe_temple_cubbyholes
Lair:1:   layout_big_grid, portal_ice_cave_entry_pillars_2,
          nicolae_quartered_pool_super, chequers_serial_rivers_small_3,
          infiniplex_staircase_pool, uniq_fannar
Lair:2:   layout_loops_ring, minmay_shoals_entry_beasts
Lair:3:   layout_misc_corridors, minmay_snake_entry_guardpost_medium,
          gammafunk_ghost_grave
Lair:4:   layout_cave_pods, basic_altar, minmay_lair_drake_nest,
          lemuel_fruit_tree, infiniplex_staircase_pool_2, serial_bayou_shore_b,
          serial_bayou_shore_b
Lair:5:   cheibrodos_lair_end_hotspot, layout_gridlike, slime_entry_1,
          gauntlet_entry_generic, minivault_11
Orc:1:    layout_diamond_mine, special_room [special_room_bee], basic_altar,
          lemuel_statue_altar, nicolae_specific_store, rock_pile
Orc:2:    st_orc_ogre_mass, layout_caves, nicolae_shop_clearance

Skill      XL: |  1  2  3  4  5  6  7  8  9 10 11 12 13 14 |
---------------+-------------------------------------------+-----
Spellcasting   | 3 4 6 7 9 10 11 12 13 | 13.9
Conjurations   | 6 7 8 9 11 12 13 | 13.4
Fighting       | 1 2 3 6 |  6.5
Translocations | 2 3 5 9 |  9.0
Air Magic      | 2 3 6 11 14 15 | 15.0
Dodging        | 3 |  3.0
Staves         | 1 |  1.0
Evocations     | 3 |  3.0
Long Blades    | 3 |  3.0
Stealth        | |  1.7

Action                   |  1- 3 |  4- 6 |  7- 9 | 10-12 | 13-15 || total
-------------------------+-------+-------+-------+-------+-------++-------
Melee: Unarmed           |    12 |       |       |       |       ||    12
       Spear             |     3 |     4 |       |       |       ||     7
       Trident           |       |    69 |     7 |       |       ||    76
       Tailslap          |       |     7 |     2 |    18 |     1 ||    28
       Punch             |       |     1 |     1 |       |     1 ||     3
       Hand axe          |       |       |    17 |       |       ||    17
       Quarterstaff      |       |       |    15 |   172 |       ||   187
       Double sword      |       |       |       |    20 |    35 ||    55
 Cast: Magic Dart        |    34 |    63 |    92 |   115 |    52 ||   356
       Searing Ray       |     2 |    20 |    50 |    88 |       ||   160
       Mephitic Cloud    |       |       |    10 |    23 |     1 ||    34
       Iskenderun's Myst |       |       |     1 |    45 |    12 ||    58
       Manifold Assault  |       |       |       |    33 |       ||    33
       Kindle Blastspark |       |       |       |    39 |       ||    39
       Lightning Bolt    |       |       |       |    26 |    48 ||    74
       Summon Lightning  |       |       |       |    17 |    53 ||    70
       Conjure Ball Ligh |       |       |       |    12 |    56 ||    68
       Airstrike         |       |       |       |     2 |    18 ||    20
       Olgreb's Toxic Ra |       |       |       |       |    13 ||    13
 Abil: Breathe Lightning |       |       |    15 |    21 |    11 ||    47
Evoke: Wand              |       |       |       |     5 |     1 ||     6
       Tin of tremorston |       |       |       |       |     1 ||     1
  Use: Potion            |     1 |       |     3 |    15 |     3 ||    22
       Scroll            |     1 |       |    12 |    16 |     8 ||    37
 Stab: Sleeping          |       |     5 |       |       |       ||     5
       Confused          |       |       |       |     2 |       ||     2
       Distracted        |       |       |       |       |     1 ||     1
Armor: Skin              |     4 |    29 |    24 |   161 |    25 ||   243
Dodge: Dodged            |    14 |    47 |    71 |   220 |    62 ||   414
Block: Other             |       |       |       |       |    21 ||    21
       Reflection        |       |       |       |       |     3 ||     3

Table legend: (Time is in decaauts)
 A = Elapsed time spent in this place.
 B = Non-inter-level travel time spent in this place.
 C = Inter-level travel time spent in this place.
 D = Time resting spent in this place.
 E = Time spent auto-exploring this place.
 F = Levels seen in this place.
 G = Mean time per level.
                   A        B        C        D        E       F      G
               +--------+--------+--------+--------+--------+-----+--------+
         Total |  33108 |  32424 |    684 |  14235 |  13941 |  21 | 1576.6 |
       Dungeon |  15181 |  14830 |    351 |   6009 |   6987 |  10 | 1518.1 |
        Temple |    226 |    209 |     17 |      0 |    200 |   1 |  226.0 |
          Lair |  11152 |  10841 |    311 |   4961 |   4747 |   5 | 2230.4 |
  Orcish Mines |   2182 |   2178 |      4 |   1187 |    690 |   2 | 1091.0 |
       Ossuary |    946 |    946 |      0 |    515 |    245 |   1 |  946.0 |
      Ice Cave |   2519 |   2519 |      0 |   1119 |    873 |   1 | 2519.0 |
      Gauntlet |    899 |    899 |      0 |    444 |    199 |   1 |  899.0 |
               +--------+--------+--------+--------+--------+-----+--------+

Top non-repeatable levels by time:
  Lair:5: 3827 daAuts
    D:10: 3530 daAuts
   IceCv: 2519 daAuts
     D:9: 2490 daAuts
  Lair:2: 2327 daAuts
  Lair:4: 2320 daAuts
  Lair:3: 1586 daAuts
     D:5: 1584 daAuts
   Orc:1: 1533 daAuts
     D:2: 1291 daAuts
     D:4: 1184 daAuts
     D:6: 1134 daAuts
     D:7: 1112 daAuts
  Lair:1: 1091 daAuts
     D:1: 1008 daAuts
